Diablos vs Gangsters
Created - February 18, 2021 at 21:48
Goals
|
Diablos |
2 |
2 |
1 |
5 |
Gangsters |
1 |
0 |
0 |
1 |
|
Shots
|
Diablos |
11 |
8 |
11 |
30 |
Gangsters |
18 |
8 |
12 |
38 |
|
1st period
1. Gangsters , Artem Anisimov 36 (Richard Panik 52) at 0:08
2. Diablos , Daniel Sprong 2 (Jakub Vrana 12, Dominic Turgeon 3) at 1:09
3. Diablos , Danton Heinen 32 (Peter Holland 42, Adrian Kempe 52) at 16:23
Penalties :
Adam Gaudette (Don) for Interference (Minor) at 17:08
2nd period
4. Diablos , Jiri Sekac 10 (Brian Dumoulin 32, Alex Petrovic 20) at 0:51
5. Diablos , Tyler Pitlick 19 (Adam Gaudette 12) at 10:31
Penalties :
Stefan Noesen (Bro) for Slashing (Minor) at 4:21, Jakub Vrana (Don) for Interference (Minor) at 13:36
3rd period
6. Diablos , Andrei Mironov 1 (Tom Wilson 16, Tyler Pitlick 22) at 19:46 (PP)
Penalties :
Adam Lowry (Bro) for Hooking (Minor) at 18:37
Goalie Stats
Joni Ortio (Don), 37 saves from 38 shots - (0.974), W, 16-8-4, 60:00 minutes
Samuel Montembeault (Bro), 12 saves from 13 shots - (0.923), 29:29 minutes
Jordan Binnington (Bro), 13 saves from 17 shots - (0.765), L, 9-11-1, 30:31 minutes
Players Stats for Diablos
Player Name G A P +/- PIM S H SB GA TA FO MP PP MP PK MP
------------------------------------------------------------------------------------
Adam Gaudette 0 1 1 1 2 0 1 1 1 0 2/9 15:06 1:10 0:13
Adrian Kempe 0 1 1 0 0 8 2 0 0 1 2/3 19:35 1:58 0:00
Alex Petrovic 0 1 1 0 0 2 2 4 1 3 0/0 26:25 1:59 1:56
Andrei Mironov 1 0 1 2 0 1 0 2 1 3 0/0 18:19 1:09 0:00
Andrey Pedan 0 0 0 2 0 0 1 3 0 0 0/0 18:19 1:09 0:00
Brian Dumoulin 0 1 1 0 0 1 1 3 2 3 0/0 26:25 1:59 1:56
Corey Trivino 0 0 0 1 0 0 1 0 0 0 3/6 13:23 0:00 2:12
Daniel Sprong 1 0 1 1 0 1 1 0 0 0 0/0 10:28 0:00 0:00
Danton Heinen 1 0 1 0 0 7 2 0 1 1 1/1 19:35 1:58 0:00
Dean Kukan 0 0 0 1 0 1 1 1 0 0 0/0 15:16 0:00 2:02
Dominic Turgeon 0 1 1 1 0 0 2 0 0 0 2/5 10:28 0:00 0:00
Jack Glover 0 0 0 1 0 0 0 1 0 0 0/0 15:16 0:00 2:02
Jakub Vrana 0 1 1 1 2 1 0 0 1 1 0/0 11:11 0:00 0:35
Jiri Sekac 1 0 1 1 0 1 0 0 0 0 0/0 11:50 0:00 0:48
Mattias Tedenby 0 0 0 1 0 1 1 1 0 0 0/0 12:00 0:00 1:04
Peter Holland 0 1 1 0 0 4 2 0 0 0 12/29 20:41 1:58 1:06
Tom Wilson 0 1 1 1 0 1 2 1 1 0 0/0 14:48 1:10 0:00
Tyler Pitlick 1 1 2 1 0 1 1 1 0 0 0/0 16:55 1:10 1:58
Players Stats for Gangsters
Player Name G A P +/- PIM S H SB GA TA FO MP PP MP PK MP
------------------------------------------------------------------------------------
Adam Lowry 0 0 0 -1 2 2 3 0 0 0 1/3 9:51 0:00 0:00
Artem Anisimov 1 0 1 1 0 5 3 1 0 0 15/24 21:39 1:58 2:27
Brett Ponich 0 0 0 0 0 1 1 1 1 1 0/0 26:41 1:37 2:06
Connor Chatam 0 0 0 -1 0 2 2 0 0 0 0/0 10:12 0:12 0:00
Dave Dziurzynski 0 0 0 1 0 3 0 0 0 1 0/0 20:17 1:58 0:28
David Pope 0 0 0 -1 0 4 0 0 2 1 1/1 11:41 1:49 0:00
Derrick Pouliot 0 0 0 -2 0 2 3 1 0 0 0/0 17:56 0:32 1:02
Jonas Brodin 0 0 0 -2 0 0 0 2 0 1 0/0 19:05 1:49 1:02
Kevin Roy 0 0 0 -2 0 1 2 0 2 0 5/6 12:01 0:00 0:28
Morgan Ellis 0 0 0 0 0 0 0 3 0 2 0/0 26:32 1:37 2:06
Phillip Danault 0 0 0 -2 0 1 1 0 2 0 0/0 11:45 0:12 0:13
Richard Panik 0 1 1 1 0 6 1 1 2 1 2/5 21:39 1:58 2:27
Samuel Blais 0 0 0 -1 0 0 1 0 0 0 0/0 15:39 1:48 0:00
Sebastian Collberg 0 0 0 -2 0 2 2 0 0 0 0/0 11:32 0:12 0:00
Seth Griffith 0 0 0 -1 0 3 1 1 0 0 7/14 16:08 1:48 0:13
Stefan Noesen 0 0 0 -1 2 2 2 0 3 0 0/0 16:15 1:48 0:00
Steven Santini 0 0 0 -1 0 0 1 0 0 1 0/0 13:34 0:00 0:00
Vince Dunn 0 0 0 -1 0 4 0 2 0 0 0/0 14:23 0:32 0:00
3 Stars
1 - Joni Ortio (Don)
2 - Tyler Pitlick (Don)
3 - Andrei Mironov (Don)
Power Play
Diablos - 1 on 2 Attempt(s) - 50.00%
Gangsters - 0 on 2 Attempt(s) - 0.00%
Penalty Kill
Diablos - 2 on 2 Attempt(s) - 100.00%
- Score 0 goal in Penalty Kill
Gangsters - 1 on 2 Attempt(s) - 50.00%
- Score 0 goal in Penalty Kill
Team Stat
Diablos - Hits : 20 - Faceoff Wins : 22 - Blocked Shots : 18 - Penalty Minutes : 4
Gangsters - Hits : 23 - Faceoff Wins : 31 - Blocked Shots : 12 - Penalty Minutes : 4
Official
Referees : Unknown
Linesman : Unknown
Game Notes
Samuel Montembeault enters game at 10:31 of 2nd period
7:41 of 3rd period - Gangsters goal is going for a video replay. After video review, No Goal. The puck has been kicked using a distinct kicking motion.
Finance
Level 1 -- Attendance: 1330 (66.50%) -- Ticket Income $53,200
Level 2 -- Attendance: 687 (68.70%) -- Ticket Income $13,740
Total Attendance: 2017 (67.23%)
Total Ticket Income: $66,940
Other Income: $3,347
Total Income: $70,287
Diablos
5 vs 5 Forward
Center Left Wing Right Wing Time % Phy DF OF
1 Peter Holland Adrian Kempe Danton Heinen 45 0 0 5
2 Adam Gaudette Tyler Pitlick Tom Wilson 30 0 0 5
3 Corey Trivino Jiri Sekac Mattias Tedenby 15 0 1 4
4 Dominic Turgeon Jakub Vrana Daniel Sprong 10 0 3 2
5 vs 5 Defense
Defense Defense Time % Phy DF OF
1 Alex Petrovic Brian Dumoulin 40 1 2 2
2 Andrei Mironov Andrey Pedan 30 1 2 2
3 Dean Kukan Jack Glover 20 1 2 2
4 Alex Petrovic Brian Dumoulin 10 1 2 2
PowerPlay Forward
Center Left Wing Right Wing Time % Phy DF OF
1 Peter Holland Adrian Kempe Danton Heinen 60 0 0 5
2 Adam Gaudette Tyler Pitlick Tom Wilson 40 0 0 5
PowerPlay Defense
Defense Defense Time % Phy DF OF
1 Brian Dumoulin Alex Petrovic 60 0 1 4
2 Andrei Mironov Andrey Pedan 40 0 1 4
Penalty Kill 4 Players Forward
Center Wing Time % Phy DF OF
1 Corey Trivino Tyler Pitlick 60 1 4 0
2 Peter Holland Jakub Vrana 40 1 4 0
Penalty Kill 4 Players Defense
Defense Defense Time % Phy DF OF
1 Dean Kukan Jack Glover 60 1 4 0
2 Brian Dumoulin Alex Petrovic 40 1 4 0
Penalty Kill - 3 Players Forward
Forward Time % Phy DF OF
1 Corey Trivino 60 0 5 0
2 Dominic Turgeon 40 0 5 0
Penalty Kill - 3 Players Defense
Defense Defense Time % Phy DF OF
1 Dean Kukan Alex Petrovic 60 0 5 0
2 Andrei Mironov Andrey Pedan 40 0 5 0
4 vs 4 Forward
Center Wing Time % Phy DF OF
1 Peter Holland Adrian Kempe 60 0 2 3
2 Corey Trivino Tyler Pitlick 40 0 2 3
4 vs 4 Defense
Defense Defense Time % Phy DF OF
1 Jack Glover Brian Dumoulin 60 0 2 3
2 Andrey Pedan Dean Kukan 40 0 2 3
Last Minutes Offensive
Center Left Wing Right Wing Defense Defense
Peter Holland Adrian Kempe Danton Heinen Brian Dumoulin Alex Petrovic
Last Minutes Defensive
Center Left Wing Right Wing Defense Defense
Corey Trivino Tyler Pitlick Mattias Tedenby Alex Petrovic Dean Kukan
Goaltenders
Starting : Joni Ortio
Backup : Jean-Francois Berube
Extra Forwards
Normal : Adrian Kempe, Danton Heinen, Peter Holland - PP : Danton Heinen, Adrian Kempe - PK : Mattias Tedenby
Extra Defensemen
Normal : Brian Dumoulin, Alex Petrovic, Andrei Mironov - PP : Brian Dumoulin - PK : Dean Kukan, Alex Petrovic
Penalty Shots
Peter Holland, Adrian Kempe, Danton Heinen, Corey Trivino, Mattias Tedenby
Scratches
Mason Appleton (Healthy), Guillaume Brisebois (Healthy), Tyler Lewington (Healthy), Viktor Loov (Severed Right Wrist Tendon Injury), Tobias Lindberg (Healthy)
Scott Glennie (Healthy), Ty Rattie (Healthy), Charles Hudon (Healthy), Sergey Tolchinsky (Healthy), Ryan MacInnis (Healthy)
Gangsters
5 vs 5 Forward
Center Left Wing Right Wing Time % Phy DF OF
1 Artem Anisimov Dave Dziurzynski Richard Panik 40 1 2 2
2 Seth Griffith Samuel Blais Stefan Noesen 30 1 2 2
3 Kevin Roy Phillip Danault Sebastian Collberg 20 1 2 2
4 Adam Lowry David Pope Connor Chatam 10 1 2 2
5 vs 5 Defense
Defense Defense Time % Phy DF OF
1 Brett Ponich Morgan Ellis 40 1 2 2
2 Jonas Brodin Derrick Pouliot 30 1 2 2
3 Vince Dunn Steven Santini 20 1 2 2
4 Brett Ponich Morgan Ellis 10 1 2 2
PowerPlay Forward
Center Left Wing Right Wing Time % Phy DF OF
1 Artem Anisimov Dave Dziurzynski Richard Panik 60 1 2 2
2 Seth Griffith Samuel Blais Stefan Noesen 40 1 2 2
PowerPlay Defense
Defense Defense Time % Phy DF OF
1 Brett Ponich Morgan Ellis 60 1 2 2
2 Jonas Brodin David Pope 40 1 2 2
Penalty Kill 4 Players Forward
Center Wing Time % Phy DF OF
1 Richard Panik Artem Anisimov 60 1 2 2
2 Stefan Noesen Dave Dziurzynski 40 1 2 2
Penalty Kill 4 Players Defense
Defense Defense Time % Phy DF OF
1 Brett Ponich Morgan Ellis 60 1 2 2
2 Jonas Brodin Derrick Pouliot 40 1 2 2
Penalty Kill - 3 Players Forward
Forward Time % Phy DF OF
1 Richard Panik 60 1 2 2
2 Artem Anisimov 40 1 2 2
Penalty Kill - 3 Players Defense
Defense Defense Time % Phy DF OF
1 Brett Ponich Morgan Ellis 60 1 2 2
2 Jonas Brodin Derrick Pouliot 40 1 2 2
4 vs 4 Forward
Center Wing Time % Phy DF OF
1 Richard Panik Artem Anisimov 60 1 2 2
2 Stefan Noesen Samuel Blais 40 1 2 2
4 vs 4 Defense
Defense Defense Time % Phy DF OF
1 Brett Ponich Morgan Ellis 60 1 2 2
2 Jonas Brodin Derrick Pouliot 40 1 2 2
Last Minutes Offensive
Center Left Wing Right Wing Defense Defense
Artem Anisimov Samuel Blais Richard Panik Brett Ponich Morgan Ellis
Last Minutes Defensive
Center Left Wing Right Wing Defense Defense
Artem Anisimov Dave Dziurzynski Richard Panik Brett Ponich Morgan Ellis
Goaltenders
Starting : Jordan Binnington
Backup : Samuel Montembeault
Extra Forwards
Normal : Phillip Danault, Sebastian Collberg, Kevin Roy - PP : Phillip Danault, Sebastian Collberg - PK : Kevin Roy
Extra Defensemen
Normal : Vince Dunn, Steven Santini, Jonas Brodin - PP : Vince Dunn - PK : Steven Santini, Jonas Brodin
Penalty Shots
Richard Panik, Artem Anisimov, Stefan Noesen, Dave Dziurzynski, Seth Griffith
Scratches
Will Borgen (Healthy), Colton White (Healthy), Dryden Hunt (Healthy), Joel Kiviranta (Healthy), Mikhail Vorobyev (Healthy)
Ryan Culkin (Healthy), Keegan Kolesar (Healthy), Joshua Jacobs (Healthy), Jacob Middleton (Healthy), Jake Marchment (Healthy)
% Time on Ice - Diablos
Lines # - Real PCT - Wanted PCT - Time Play
Normal Forward
1 - 34% - 45% - 17:52
2 - 26% - 30% - 13:38
3 - 21% - 15% - 10:56
4 - 20% - 10% - 10:28
Normal Defense
1 - 38% - 40% - 20:00
2 - 33% - 30% - 17:39
3 - 25% - 20% - 13:08
4 - 4% - 10% - 2:07
PP Forward
1 - 63% - 60% - 1:58
2 - 37% - 40% - 1:10
PP Defense
1 - 63% - 60% - 1:59
2 - 37% - 40% - 1:09
PK Forward
1 - 72% - 60% - 2:52
2 - 28% - 40% - 1:06
PK Defense
1 - 51% - 60% - 2:02
2 - 49% - 40% - 1:56
PK3 Forward
1 - 0% - 60%
2 - 0% - 40%
PK3 Defense
1 - 0% - 60%
2 - 0% - 40%
44 Forward
1 - 0% - 60%
2 - 0% - 40%
44 Defense
1 - 0% - 60%
2 - 0% - 40%
Last Minute Offensive - 0:00
Last Minute Defensive - 0:00
Total
Forward - 60:00
Defense - 60:00
|
% Time on Ice - Gangsters
Lines # - Real PCT - Wanted PCT - Time Play
Normal Forward
1 - 33% - 40% - 17:22
2 - 27% - 30% - 14:28
3 - 21% - 20% - 11:12
4 - 19% - 10% - 9:52
Normal Defense
1 - 39% - 40% - 20:28
2 - 31% - 30% - 16:14
3 - 26% - 20% - 13:34
4 - 5% - 10% - 2:38
PP Forward
1 - 55% - 60% - 2:10
2 - 45% - 40% - 1:48
PP Defense
1 - 54% - 60% - 2:09
2 - 46% - 40% - 1:49
PK Forward
1 - 85% - 60% - 2:40
2 - 15% - 40% - 0:28
PK Defense
1 - 67% - 60% - 2:06
2 - 33% - 40% - 1:02
PK3 Forward
1 - 0% - 60%
2 - 0% - 40%
PK3 Defense
1 - 0% - 60%
2 - 0% - 40%
44 Forward
1 - 0% - 60%
2 - 0% - 40%
44 Defense
1 - 0% - 60%
2 - 0% - 40%
Last Minute Offensive - 0:00
Last Minute Defensive - 0:00
Total
Forward - 60:00
Defense - 60:00
|
Play-by-Play
1st period
0:01 of 1st period - Artem Anisimov wins face-off versus Peter Holland in neutral zone.
0:08 of 1st period - Wrist shot by Artem Anisimov.
0:08 of 1st period - Goal by Artem Anisimov - Diablos : 0 - Gangsters : 1.
0:09 of 1st period - Seth Griffith wins face-off versus Adam Gaudette in neutral zone.
0:37 of 1st period - Snap shot by Phillip Danault.
0:37 of 1st period - Deflect By Sebastian Collberg.
0:37 of 1st period - Stopped by Joni Ortio with a rebound.
1:05 of 1st period - Wrist shot by Adrian Kempe.
1:05 of 1st period - Stopped by Jordan Binnington without a rebound.
1:06 of 1st period - Dominic Turgeon wins face-off versus Adam Lowry in Gangsters zone.
1:09 of 1st period - Snap shot by Daniel Sprong.
1:09 of 1st period - Goal by Daniel Sprong - Diablos : 1 - Gangsters : 1.
1:10 of 1st period - Peter Holland wins face-off versus Artem Anisimov in neutral zone.
1:15 of 1st period - Wrist shot by Peter Holland.
1:15 of 1st period - Stopped by Jordan Binnington with a rebound.
1:24 of 1st period - Off-side.
1:25 of 1st period - Adam Gaudette wins face-off versus Adam Lowry in neutral zone.
1:34 of 1st period - Wrist shot by David Pope.
1:34 of 1st period - Stopped by Joni Ortio without a rebound.
1:35 of 1st period - Adam Lowry wins face-off versus Adam Gaudette in Diablos zone.
1:38 of 1st period - Wrist shot by Connor Chatam.
1:38 of 1st period - Shot Blocked by Brian Dumoulin.
1:40 of 1st period - Slapshot by Vince Dunn.
1:40 of 1st period - Stopped by Joni Ortio with a rebound.
1:42 of 1st period - Slapshot by Vince Dunn.
1:42 of 1st period - Stopped by Joni Ortio with a rebound.
1:44 of 1st period - Slapshot by Steven Santini.
1:44 of 1st period - Shot Blocked by Alex Petrovic.
1:46 of 1st period - Snap shot by Connor Chatam.
1:46 of 1st period - Shot Blocked by Tyler Pitlick.
1:59 of 1st period - Slapshot by Steven Santini.
1:59 of 1st period - Shot Blocked by Alex Petrovic.
2:17 of 1st period - Wrist shot by David Pope.
2:17 of 1st period - Shot Misses the Net.
2:19 of 1st period - Snap shot by Steven Santini.
2:19 of 1st period - Shot Hit the Post.
2:21 of 1st period - Slapshot by Steven Santini.
2:21 of 1st period - Shot Hit the Post.
2:23 of 1st period - Wrist shot by Adam Lowry.
2:23 of 1st period - Stopped by Joni Ortio with a rebound.
2:25 of 1st period - Wrist shot by David Pope.
2:25 of 1st period - Shot Misses the Net.
2:27 of 1st period - Snap shot by David Pope.
2:27 of 1st period - Shot Blocked by Alex Petrovic.
3:15 of 1st period - Wrist shot by David Pope.
3:15 of 1st period - Shot Misses the Net.
3:19 of 1st period - Snap shot by David Pope.
3:19 of 1st period - Stopped by Joni Ortio with a rebound.
3:21 of 1st period - Wrist shot by Vince Dunn.
3:21 of 1st period - Deflect By Alex Petrovic.
3:21 of 1st period - Stopped by Joni Ortio with a rebound.
3:23 of 1st period - Snap shot by Adam Lowry.
3:23 of 1st period - Deflect By David Pope.
3:23 of 1st period - Stopped by Joni Ortio without a rebound.
3:24 of 1st period - Peter Holland wins face-off versus Artem Anisimov in Diablos zone.
3:31 of 1st period - Snap shot by Adrian Kempe.
3:31 of 1st period - Stopped by Jordan Binnington without a rebound.
3:32 of 1st period - Artem Anisimov wins face-off versus Peter Holland in Gangsters zone.
3:50 of 1st period - Snap shot by Richard Panik.
3:50 of 1st period - Stopped by Joni Ortio with a rebound.
4:06 of 1st period - Snap shot by Peter Holland.
4:06 of 1st period - Deflect By Danton Heinen.
4:06 of 1st period - Shot Blocked by Richard Panik.
4:06 of 1st period - Puck is out of play.
4:07 of 1st period - Seth Griffith wins face-off versus Dominic Turgeon in Gangsters zone.
4:34 of 1st period - Andrei Mironov is hit by Derrick Pouliot and loses puck.
4:50 of 1st period - Derrick Pouliot is hit by Danton Heinen and loses puck.
5:05 of 1st period - Snap shot by Artem Anisimov.
5:05 of 1st period - Shot Misses the Net.
5:41 of 1st period - Snap shot by Danton Heinen.
5:41 of 1st period - Stopped by Jordan Binnington with a rebound.
6:56 of 1st period - Brett Ponich is hit by Andrey Pedan.
6:57 of 1st period - Icing by Brett Ponich.
6:58 of 1st period - Peter Holland wins face-off versus Kevin Roy in Gangsters zone.
7:03 of 1st period - Wrist shot by Danton Heinen.
7:03 of 1st period - Stopped by Jordan Binnington with a rebound.
7:39 of 1st period - Wrist shot by Stefan Noesen.
7:39 of 1st period - Shot Misses the Net.
8:07 of 1st period - Wrist shot by Sebastian Collberg.
8:07 of 1st period - Stopped by Joni Ortio without a rebound.
8:08 of 1st period - Artem Anisimov wins face-off versus Corey Trivino in Diablos zone.
8:51 of 1st period - Icing by Sebastian Collberg.
8:52 of 1st period - Kevin Roy wins face-off versus Adam Gaudette in Gangsters zone.
8:57 of 1st period - Slapshot by Dave Dziurzynski.
8:57 of 1st period - Stopped by Joni Ortio with a rebound.
8:59 of 1st period - Snap shot by Richard Panik.
8:59 of 1st period - Stopped by Joni Ortio with a rebound.
9:01 of 1st period - Wrist shot by Dave Dziurzynski.
9:01 of 1st period - Shot Blocked by Andrey Pedan.
9:03 of 1st period - Wrist shot by Richard Panik.
9:03 of 1st period - Stopped by Joni Ortio with a rebound.
9:38 of 1st period - Slapshot by Brian Dumoulin.
9:38 of 1st period - Deflect By Jakub Vrana.
9:38 of 1st period - Shot Blocked by Jonas Brodin.
9:38 of 1st period - Puck is out of play.
9:39 of 1st period - Kevin Roy wins face-off versus Dominic Turgeon in Gangsters zone.
9:52 of 1st period - Alex Petrovic is hit by Phillip Danault and loses puck.
10:35 of 1st period - Snap shot by Seth Griffith.
10:35 of 1st period - Stopped by Joni Ortio without a rebound.
10:36 of 1st period - Artem Anisimov wins face-off versus Peter Holland in Diablos zone.
10:47 of 1st period - Slapshot by Artem Anisimov.
10:47 of 1st period - Shot Misses the Net.
10:49 of 1st period - Snap shot by Dave Dziurzynski.
10:49 of 1st period - Shot Misses the Net.
10:51 of 1st period - Slapshot by Artem Anisimov.
10:51 of 1st period - Shot Blocked by Andrei Mironov.
10:58 of 1st period - Icing by Andrei Mironov.
10:59 of 1st period - Peter Holland wins face-off versus Seth Griffith in Diablos zone.
11:24 of 1st period - Adam Gaudette is hit by Kevin Roy and loses puck.
11:29 of 1st period - Slapshot by Kevin Roy.
11:29 of 1st period - Stopped by Joni Ortio with a rebound.
11:31 of 1st period - Slapshot by Derrick Pouliot.
11:31 of 1st period - Stopped by Joni Ortio without a rebound.
11:32 of 1st period - Peter Holland wins face-off versus Artem Anisimov in Diablos zone.
11:59 of 1st period - Wrist shot by Stefan Noesen.
11:59 of 1st period - Shot Hit the Post.
12:09 of 1st period - Snap shot by Mattias Tedenby.
12:09 of 1st period - Stopped by Jordan Binnington without a rebound.
12:10 of 1st period - Kevin Roy wins face-off versus Peter Holland in Gangsters zone.
12:10 of 1st period - Kevin Roy is hit by Peter Holland.
12:16 of 1st period - Wrist shot by Danton Heinen.
12:16 of 1st period - Stopped by Jordan Binnington with a rebound.
12:46 of 1st period - Snap shot by Richard Panik.
12:46 of 1st period - Stopped by Joni Ortio with a rebound.
12:49 of 1st period - Icing by Corey Trivino.
12:50 of 1st period - Seth Griffith wins face-off versus Corey Trivino in Diablos zone.
13:21 of 1st period - Snap shot by Adrian Kempe.
13:21 of 1st period - Shot Blocked by Morgan Ellis.
13:25 of 1st period - Wrist shot by Peter Holland.
13:25 of 1st period - Stopped by Jordan Binnington with a rebound.
13:45 of 1st period - Wrist shot by Tyler Pitlick.
13:45 of 1st period - Shot Misses the Net.
13:59 of 1st period - Snap shot by Jakub Vrana.
13:59 of 1st period - Shot Blocked by Morgan Ellis.
16:07 of 1st period - Wrist shot by Danton Heinen.
16:07 of 1st period - Stopped by Jordan Binnington with a rebound.
16:23 of 1st period - Wrist shot by Danton Heinen.
16:23 of 1st period - Goal by Danton Heinen - Diablos : 2 - Gangsters : 1.
16:24 of 1st period - Artem Anisimov wins face-off versus Adam Gaudette in neutral zone.
16:49 of 1st period - Adam Gaudette is hit by Brett Ponich and loses puck.
17:02 of 1st period - Snap shot by David Pope.
17:02 of 1st period - Shot Misses the Net.
17:08 of 1st period - Minor Penalty to Adam Gaudette for Interference.
17:09 of 1st period - Corey Trivino wins face-off versus Richard Panik in Diablos zone.
17:09 of 1st period - Corey Trivino is hit by Richard Panik.
17:33 of 1st period - Icing by Samuel Blais.
17:34 of 1st period - Corey Trivino wins face-off versus Seth Griffith in Gangsters zone.
19:02 of 1st period - Morgan Ellis is hit by Dean Kukan and loses puck.
19:08 of 1st period - Penalty to Adam Gaudette is over, Adam Gaudette is back on ice.
19:25 of 1st period - Snap shot by Danton Heinen.
19:25 of 1st period - Shot Misses the Net.
Goals for this period are 2 for Diablos vs 1 for Gangsters.
Shots for this period are 11 for Diablos vs 18 for Gangsters.
2nd period
0:01 of 2nd period - Adrian Kempe wins face-off versus Artem Anisimov in neutral zone.
0:04 of 2nd period - Slapshot by Brian Dumoulin.
0:04 of 2nd period - Shot Misses the Net.
0:12 of 2nd period - Wrist shot by Artem Anisimov.
0:12 of 2nd period - Stopped by Joni Ortio with a rebound.
0:14 of 2nd period - Wrist shot by Artem Anisimov.
0:14 of 2nd period - Shot Blocked by Brian Dumoulin.
0:16 of 2nd period - Wrist shot by Artem Anisimov.
0:16 of 2nd period - Shot Misses the Net.
0:45 of 2nd period - Snap shot by Mattias Tedenby.
0:45 of 2nd period - Shot Misses the Net.
0:47 of 2nd period - Slapshot by Alex Petrovic.
0:47 of 2nd period - Stopped by Jordan Binnington with a rebound.
0:49 of 2nd period - Snap shot by Alex Petrovic.
0:49 of 2nd period - Shot Blocked by Derrick Pouliot.
0:51 of 2nd period - Slapshot by Brian Dumoulin.
0:51 of 2nd period - Deflect By Jiri Sekac.
0:51 of 2nd period - Goal by Jiri Sekac - Diablos : 3 - Gangsters : 1.
0:52 of 2nd period - Artem Anisimov wins face-off versus Peter Holland in neutral zone.
1:36 of 2nd period - Backhand shot by Mattias Tedenby.
1:36 of 2nd period - Shot Blocked by Jonas Brodin.
2:05 of 2nd period - Snap shot by Jakub Vrana.
2:05 of 2nd period - Shot Misses the Net.
2:07 of 2nd period - Slapshot by Andrey Pedan.
2:07 of 2nd period - Shot Misses the Net.
2:25 of 2nd period - Snap shot by Peter Holland.
2:25 of 2nd period - Shot Blocked by Vince Dunn.
3:23 of 2nd period - Icing by Dominic Turgeon.
3:24 of 2nd period - Dominic Turgeon wins face-off versus Artem Anisimov in Diablos zone.
3:24 of 2nd period - Dominic Turgeon is hit by Artem Anisimov.
3:51 of 2nd period - Wrist shot by Dave Dziurzynski.
3:51 of 2nd period - Stopped by Joni Ortio with a rebound.
3:53 of 2nd period - Snap shot by Richard Panik.
3:53 of 2nd period - Stopped by Joni Ortio without a rebound.
3:54 of 2nd period - Seth Griffith wins face-off versus Peter Holland in Diablos zone.
3:55 of 2nd period - Wrist shot by Stefan Noesen.
3:55 of 2nd period - Stopped by Joni Ortio with a rebound.
3:58 of 2nd period - Icing by Alex Petrovic.
3:59 of 2nd period - Peter Holland wins face-off versus Seth Griffith in Diablos zone.
3:59 of 2nd period - Peter Holland is hit by Stefan Noesen.
4:21 of 2nd period - Minor Penalty to Stefan Noesen for Slashing.
4:22 of 2nd period - Peter Holland wins face-off versus Richard Panik in Gangsters zone.
4:31 of 2nd period - Snap shot by Adrian Kempe.
4:31 of 2nd period - Stopped by Jordan Binnington without a rebound.
4:32 of 2nd period - Richard Panik wins face-off versus Peter Holland in Gangsters zone.
4:45 of 2nd period - Slapshot by Peter Holland.
4:45 of 2nd period - Stopped by Jordan Binnington with a rebound.
4:47 of 2nd period - Snap shot by Brian Dumoulin.
4:47 of 2nd period - Shot Blocked by Artem Anisimov.
4:49 of 2nd period - Slapshot by Alex Petrovic.
4:49 of 2nd period - Shot Misses the Net.
5:17 of 2nd period - Snap shot by Danton Heinen.
5:17 of 2nd period - Deflect By Adrian Kempe.
5:17 of 2nd period - Stopped by Jordan Binnington without a rebound.
5:18 of 2nd period - Kevin Roy wins face-off versus Adam Gaudette in Gangsters zone.
5:18 of 2nd period - Kevin Roy is hit by Tyler Pitlick.
5:58 of 2nd period - Brian Dumoulin is hit by Seth Griffith and loses puck.
6:21 of 2nd period - Penalty to Stefan Noesen is over, Stefan Noesen is back on ice.
6:27 of 2nd period - Wrist shot by Stefan Noesen.
6:27 of 2nd period - Stopped by Joni Ortio with a rebound.
7:12 of 2nd period - Slapshot by Jonas Brodin.
7:12 of 2nd period - Shot Blocked by Mattias Tedenby.
7:26 of 2nd period - Wrist shot by Seth Griffith.
7:26 of 2nd period - Shot Blocked by Andrei Mironov.
7:44 of 2nd period - Snap shot by Seth Griffith.
7:44 of 2nd period - Stopped by Joni Ortio with a rebound.
7:46 of 2nd period - Slapshot by Phillip Danault.
7:46 of 2nd period - Shot Misses the Net.
8:16 of 2nd period - Kevin Roy is hit by Daniel Sprong and loses puck.
8:59 of 2nd period - Adrian Kempe is hit by Adam Lowry and loses puck.
9:57 of 2nd period - Stefan Noesen is hit by Dominic Turgeon.
10:09 of 2nd period - Alex Petrovic is hit by Connor Chatam and loses puck.
10:14 of 2nd period - Wrist shot by David Pope.
10:14 of 2nd period - Shot Misses the Net.
10:31 of 2nd period - Slapshot by Tyler Pitlick.
10:31 of 2nd period - Goal by Tyler Pitlick - Diablos : 4 - Gangsters : 1.
10:31 of 2nd period - Samuel Montembeault enters game.
10:32 of 2nd period - Artem Anisimov wins face-off versus Peter Holland in neutral zone.
10:45 of 2nd period - Snap shot by Brian Dumoulin.
10:45 of 2nd period - Deflect By Adrian Kempe.
10:45 of 2nd period - Stopped by Samuel Montembeault without a rebound.
10:46 of 2nd period - Artem Anisimov wins face-off versus Peter Holland in Gangsters zone.
10:59 of 2nd period - Snap shot by Richard Panik.
10:59 of 2nd period - Stopped by Joni Ortio with a rebound.
13:36 of 2nd period - Minor Penalty to Jakub Vrana for Interference.
13:37 of 2nd period - Corey Trivino wins face-off versus Artem Anisimov in Diablos zone.
13:46 of 2nd period - Corey Trivino is hit by Artem Anisimov and loses puck.
15:13 of 2nd period - Stefan Noesen is hit by Peter Holland and loses puck.
15:36 of 2nd period - Penalty to Jakub Vrana is over, Jakub Vrana is back on ice.
15:36 of 2nd period - Slapshot by Derrick Pouliot.
15:36 of 2nd period - Deflect By Connor Chatam.
15:36 of 2nd period - Stopped by Joni Ortio with a rebound.
15:56 of 2nd period - Wrist shot by Peter Holland.
15:56 of 2nd period - Deflect By Steven Santini.
15:56 of 2nd period - Stopped by Samuel Montembeault with a rebound.
16:49 of 2nd period - Samuel Blais is hit by Danton Heinen and loses puck.
17:00 of 2nd period - Corey Trivino is hit by Kevin Roy.
17:14 of 2nd period - Derrick Pouliot is hit by Tom Wilson and loses puck.
17:27 of 2nd period - Adrian Kempe is hit by Adam Lowry and loses puck.
17:42 of 2nd period - Phillip Danault is hit by Brian Dumoulin and loses puck.
18:11 of 2nd period - Adam Lowry is hit by Tom Wilson and loses puck.
18:24 of 2nd period - Wrist shot by Richard Panik.
18:24 of 2nd period - Shot Blocked by Andrey Pedan.
18:53 of 2nd period - Mattias Tedenby is hit by Derrick Pouliot and loses puck.
19:04 of 2nd period - Jack Glover is hit by Artem Anisimov and loses puck.
19:49 of 2nd period - Brett Ponich is hit by Alex Petrovic and loses puck.
Goals for this period are 2 for Diablos vs 0 for Gangsters.
Shots for this period are 8 for Diablos vs 8 for Gangsters.
3rd period
0:01 of 3rd period - Artem Anisimov wins face-off versus Peter Holland in neutral zone.
0:34 of 3rd period - Snap shot by Stefan Noesen.
0:34 of 3rd period - Shot Blocked by Tom Wilson.
0:36 of 3rd period - Slapshot by Brett Ponich.
0:36 of 3rd period - Deflect By Tyler Pitlick.
0:36 of 3rd period - Stopped by Joni Ortio without a rebound.
0:37 of 3rd period - Seth Griffith wins face-off versus Peter Holland in Diablos zone.
0:50 of 3rd period - Snap shot by Adrian Kempe.
0:50 of 3rd period - Shot Misses the Net.
0:52 of 3rd period - Slapshot by Jack Glover.
0:52 of 3rd period - Shot Blocked by Seth Griffith.
1:10 of 3rd period - Off-side.
1:11 of 3rd period - Artem Anisimov wins face-off versus Adrian Kempe in neutral zone.
1:27 of 3rd period - Wrist shot by Adrian Kempe.
1:27 of 3rd period - Stopped by Samuel Montembeault with a rebound.
1:37 of 3rd period - Steven Santini is hit by Mattias Tedenby and loses puck.
1:44 of 3rd period - Snap shot by Mattias Tedenby.
1:44 of 3rd period - Shot Blocked by Vince Dunn.
1:50 of 3rd period - Wrist shot by Richard Panik.
1:50 of 3rd period - Shot Misses the Net.
1:52 of 3rd period - Slapshot by Artem Anisimov.
1:52 of 3rd period - Shot Misses the Net.
1:54 of 3rd period - Wrist shot by Vince Dunn.
1:54 of 3rd period - Stopped by Joni Ortio without a rebound.
1:55 of 3rd period - Seth Griffith wins face-off versus Peter Holland in Diablos zone.
1:56 of 3rd period - Snap shot by Stefan Noesen.
1:56 of 3rd period - Shot Misses the Net.
1:58 of 3rd period - Slapshot by Morgan Ellis.
1:58 of 3rd period - Deflect By Seth Griffith.
1:58 of 3rd period - Stopped by Joni Ortio without a rebound.
1:59 of 3rd period - Peter Holland wins face-off versus Seth Griffith in Diablos zone.
2:04 of 3rd period - Snap shot by Seth Griffith.
2:04 of 3rd period - Shot Misses the Net.
2:06 of 3rd period - Slapshot by Morgan Ellis.
2:06 of 3rd period - Shot Misses the Net.
2:08 of 3rd period - Slapshot by Seth Griffith.
2:08 of 3rd period - Shot Misses the Net.
2:10 of 3rd period - Slapshot by Morgan Ellis.
2:10 of 3rd period - Shot Blocked by Brian Dumoulin.
2:32 of 3rd period - Slapshot by Alex Petrovic.
2:32 of 3rd period - Stopped by Samuel Montembeault with a rebound.
2:54 of 3rd period - Dave Dziurzynski is hit by Corey Trivino and loses puck.
3:13 of 3rd period - Snap shot by Danton Heinen.
3:13 of 3rd period - Shot Blocked by Morgan Ellis.
3:35 of 3rd period - Wrist shot by Dave Dziurzynski.
3:35 of 3rd period - Shot Blocked by Andrey Pedan.
3:57 of 3rd period - Off-side.
3:58 of 3rd period - Seth Griffith wins face-off versus Peter Holland in neutral zone.
4:11 of 3rd period - Stefan Noesen is hit by Alex Petrovic and loses puck.
4:24 of 3rd period - Brian Dumoulin is hit by Sebastian Collberg and loses puck.
4:31 of 3rd period - Wrist shot by Phillip Danault.
4:31 of 3rd period - Stopped by Joni Ortio with a rebound.
4:33 of 3rd period - Backhand shot by Steven Santini.
4:33 of 3rd period - Shot Blocked by Adam Gaudette.
4:35 of 3rd period - Slapshot by Steven Santini.
4:35 of 3rd period - Shot Blocked by Alex Petrovic.
4:37 of 3rd period - Slapshot by Kevin Roy.
4:37 of 3rd period - Shot Misses the Net.
5:07 of 3rd period - Alex Petrovic is hit by Stefan Noesen and loses puck.
6:08 of 3rd period - Icing by Corey Trivino.
6:09 of 3rd period - Kevin Roy wins face-off versus Corey Trivino in Diablos zone.
6:21 of 3rd period - Wrist shot by Dave Dziurzynski.
6:21 of 3rd period - Deflect By Richard Panik.
6:21 of 3rd period - Shot Hit the Post.
6:21 of 3rd period - Puck is out of play.
6:22 of 3rd period - Peter Holland wins face-off versus Seth Griffith in Diablos zone.
7:30 of 3rd period - Vince Dunn is hit by Adrian Kempe and loses puck.
7:37 of 3rd period - Slapshot by Steven Santini.
7:37 of 3rd period - Shot Blocked by Dean Kukan.
7:39 of 3rd period - Snap shot by David Pope.
7:39 of 3rd period - Shot Blocked by Jack Glover.
7:41 of 3rd period - Slapshot by David Pope.
7:41 of 3rd period - Gangsters goal is going for a video replay.
7:41 of 3rd period - The goal is refused. The puck has been kicked using a distinct kicking motion..
7:42 of 3rd period - Artem Anisimov wins face-off versus Adam Gaudette in Diablos zone.
9:11 of 3rd period - Adam Gaudette is hit by Connor Chatam and loses puck.
9:24 of 3rd period - Snap shot by David Pope.
9:24 of 3rd period - Shot Misses the Net.
10:16 of 3rd period - Artem Anisimov is hit by Dominic Turgeon and loses puck.
10:41 of 3rd period - Off-side.
10:42 of 3rd period - Adam Gaudette wins face-off versus Artem Anisimov in neutral zone.
10:45 of 3rd period - Snap shot by Tom Wilson.
10:45 of 3rd period - Stopped by Samuel Montembeault without a rebound.
10:46 of 3rd period - Peter Holland wins face-off versus Artem Anisimov in Gangsters zone.
10:51 of 3rd period - Wrist shot by Danton Heinen.
10:51 of 3rd period - Stopped by Samuel Montembeault without a rebound.
10:52 of 3rd period - Peter Holland wins face-off versus Artem Anisimov in Gangsters zone.
10:53 of 3rd period - Wrist shot by Adrian Kempe.
10:53 of 3rd period - Shot Misses the Net.
10:55 of 3rd period - Wrist shot by Peter Holland.
10:55 of 3rd period - Deflect By Adrian Kempe.
10:55 of 3rd period - Stopped by Samuel Montembeault with a rebound.
10:57 of 3rd period - Wrist shot by Danton Heinen.
10:57 of 3rd period - Stopped by Samuel Montembeault without a rebound.
10:58 of 3rd period - Artem Anisimov wins face-off versus Peter Holland in Gangsters zone.
11:05 of 3rd period - Wrist shot by Artem Anisimov.
11:05 of 3rd period - Stopped by Joni Ortio without a rebound.
11:06 of 3rd period - Artem Anisimov wins face-off versus Peter Holland in Diablos zone.
11:31 of 3rd period - Alex Petrovic is hit by Samuel Blais.
12:34 of 3rd period - Slapshot by Dean Kukan.
12:34 of 3rd period - Stopped by Samuel Montembeault without a rebound.
12:35 of 3rd period - Artem Anisimov wins face-off versus Adam Gaudette in Gangsters zone.
13:54 of 3rd period - Snap shot by Adam Lowry.
13:54 of 3rd period - Stopped by Joni Ortio with a rebound.
14:15 of 3rd period - Wrist shot by Jakub Vrana.
14:15 of 3rd period - Stopped by Samuel Montembeault without a rebound.
14:16 of 3rd period - Artem Anisimov wins face-off versus Peter Holland in Gangsters zone.
14:16 of 3rd period - Artem Anisimov is hit by Adrian Kempe.
14:22 of 3rd period - Slapshot by Dave Dziurzynski.
14:22 of 3rd period - Shot Hit the Post.
14:24 of 3rd period - Wrist shot by Derrick Pouliot.
14:24 of 3rd period - Deflect By Alex Petrovic.
14:24 of 3rd period - Stopped by Joni Ortio with a rebound.
14:26 of 3rd period - Wrist shot by Artem Anisimov.
14:26 of 3rd period - Stopped by Joni Ortio with a rebound.
14:28 of 3rd period - Snap shot by Artem Anisimov.
14:28 of 3rd period - Stopped by Joni Ortio with a rebound.
14:30 of 3rd period - Slapshot by Dave Dziurzynski.
14:30 of 3rd period - Stopped by Joni Ortio with a rebound.
15:02 of 3rd period - Mattias Tedenby is hit by Sebastian Collberg and loses puck.
15:24 of 3rd period - Off-side.
15:25 of 3rd period - David Pope wins face-off versus Dominic Turgeon in neutral zone.
15:28 of 3rd period - Dean Kukan is hit by Adam Lowry and loses puck.
15:41 of 3rd period - Snap shot by Dominic Turgeon.
15:41 of 3rd period - Shot Blocked by Brett Ponich.
17:19 of 3rd period - Andrei Mironov is hit by Derrick Pouliot and loses puck.
17:30 of 3rd period - Slapshot by Jonas Brodin.
17:30 of 3rd period - Deflect By Connor Chatam.
17:30 of 3rd period - Stopped by Joni Ortio without a rebound.
17:31 of 3rd period - Adrian Kempe wins face-off versus Seth Griffith in Diablos zone.
17:31 of 3rd period - Adrian Kempe is hit by Steven Santini.
17:57 of 3rd period - Steven Santini is hit by Adam Gaudette and loses puck.
18:37 of 3rd period - Minor Penalty to Adam Lowry for Hooking.
18:38 of 3rd period - Peter Holland wins face-off versus Richard Panik in Gangsters zone.
18:42 of 3rd period - Wrist shot by Adrian Kempe.
18:42 of 3rd period - Stopped by Samuel Montembeault with a rebound.
19:11 of 3rd period - Slapshot by Brian Dumoulin.
19:11 of 3rd period - Stopped by Samuel Montembeault without a rebound.
19:12 of 3rd period - Richard Panik wins face-off versus Peter Holland in Gangsters zone.
19:44 of 3rd period - Snap shot by Tom Wilson.
19:44 of 3rd period - Shot Misses the Net.
19:46 of 3rd period - Slapshot by Andrei Mironov.
19:46 of 3rd period - Goal by Andrei Mironov - Diablos : 5 - Gangsters : 1.
19:47 of 3rd period - Danton Heinen wins face-off versus Seth Griffith in neutral zone.
Goals for this period are 1 for Diablos vs 0 for Gangsters.
Shots for this period are 11 for Diablos vs 12 for Gangsters.
Output by the SimonT Hockey Simulator (STHS) for Francois Prevost